 Dungeon Crawl Stone Soup version 0.25.1-1-g288607f5aa (webtiles) character file.

Game seed: 13400592142840792008

232 Curus the Cudgeler (level 5, -1/45 HPs)
             Began as a Minotaur Abyssal Knight on July 27, 2020.
             Was a Believer of Lugonu.
             Succumbed to Crazy Yiuf's poison
             ... on level 3 of the Dungeon.
             The game lasted 00:08:53 (3169 turns).

Curus the Cudgeler (Minotaur Abyssal Knight)        Turns: 3169, Time: 00:08:53

Health: -1/45      AC:  7    Str: 15 (16) XL:     5   Next: 73%
Magic:  7/7        EV:  9    Int:  7 (9)  God:    Lugonu [**....]
Gold:   79         SH:  5    Dex: 10 (11) Spells: 4/4 levels left

rFire    . . .     SeeInvis .   a - +2 mace
rCold    . . .     Gourm    .   (no shield)
rNeg     . . .     Faith    .   h - +0 scale mail
rPois    .         Spirit   .   (helmet restricted)
rElec    .         Reflect  +   (no cloak)
rCorr    .         Harm     .   f - +0 pair of gloves
MR       .....     Rnd*Tele +   (no boots)
Stlth    ..........             e - amulet of reflection
HPRegen  0.15/turn              i - ring of teleportation (curse)
MPRegen  0.10/turn              (no ring)

@: lethally poisoned (-1 -> -27)
A: retaliatory headbutt, horns 2
a: Depart the Abyss, Bend Space, Renounce Religion


You were on level 3 of the Dungeon.
You worshipped Lugonu.
Lugonu was pleased with you.
You were not hungry.

You visited 1 branch of the dungeon, and saw 3 of its levels.
You visited the Abyss 1 time.

You collected 79 gold pieces.

Inventory:

Hand Weapons
 a - a +2 mace (weapon)
Armour
 b - a +0 leather armour
 f - a +0 pair of gloves (worn)
 h - a +0 scale mail (worn)
 j - a +1 cloak of preservation
Jewellery
 e - an amulet of reflection (around neck)
 i - a cursed ring of teleportation (left hand)
Scrolls
 d - 2 scrolls of magic mapping
 g - 4 scrolls of identify
Comestibles
 c - 6 rations


   Skills:
 - Level 3.6 Fighting
 + Level 5.4 Maces & Flails
 - Level 2.4 Armour
 - Level 1.1 Dodging
 + Level 4.4 Invocations


You had 4 spell levels left.
You didn't know any spells.
Your spell library was empty.

Dungeon Overview and Level Annotations

Branches:
Dungeon (3/15)

Altars:
Fedhas


Innate Abilities, Weirdness & Mutations

You reflexively headbutt those who attack you in melee.
You have a pair of horns on your head.


Message History

You are more poisoned.
You thump Crazy Yiuf!
You kill Crazy Yiuf!
Lugonu accepts your kill.
* * * LOW HITPOINT WARNING * * *
You feel very sick.
* * * LOW HITPOINT WARNING * * *
You feel very sick.
There is an open translucent door here.
Things that are here:
a +4 quarterstaff of chaos; a +1 cloak of preservation; a fuming inky potion
j - a +1 cloak of preservation;
k - a fuming inky potion
* * * LOW HITPOINT WARNING * * *
You feel sick.
It was a potion of degeneration.
There was something very wrong with that liquid.
You feel weakened.
You feel dopey.
You feel clumsy.
* * * LOW HITPOINT WARNING * * *
You feel very sick.
You die...

#.##...#.# #............#..##.#
###.##...#.# #...............##.#
....##...#.# #............##.##.#
##..###..#.# ##################.#
##..###..### #..... ...........#
#.#### ....###.#### ##### #####.#
....# #.# #)))### ##.....# ....#
#<# #.)@))####......# ....# #.#
#)))##))#)....)## ....# #.#
########)#)...## ....# #.#
######## ....# #.#
....###.#########################
..............>..................
##.####.###....##########).......
........###....#### #........


There were no monsters in sight!

Vanquished Creatures
  Crazy Yiuf (D:3)
  An orc priest (D:3)
  An orc wizard (D:3)
  6 adders (D:3)
  A worm (D:3)
  3 dart slugs (D:1)
  3 leopard geckos
  4 orcs (D:3)
  5 giant cockroaches
  13 goblins
  7 hobgoblins
  3 quokkas
  7 bats
  6 frilled lizards
  11 kobolds
  9 rats
  A plant (D:2)
82 creatures vanquished.

Notes
Turn   | Place    | Note
-------+----------+-------------------------------------------
     0 | Abyss:1  | Curus the Minotaur Abyssal Knight began the quest for the
                  | Orb.
     0 | Abyss:1  | Reached XP level 1. HP: 19/19 MP: 1/1
    15 | Abyss:1  | Found a corrupted altar of Lugonu.
    41 | Abyss:1  | Noticed an ancient zyme
    50 | D:1      | Escaped the Abyss
   165 | D:1      | Reached skill level 3 in Maces & Flails
   165 | D:1      | Reached XP level 2. HP: 26/26 MP: 2/2
   242 | D:1      | Reached * piety under Lugonu
   741 | D:1      | Reached XP level 3. HP: 31/31 MP: 4/4
  1359 | D:2      | Reached skill level 4 in Maces & Flails
  1429 | D:2      | Reached ** piety under Lugonu
  1740 | D:3      | Reached XP level 4. HP: 39/39 MP: 5/5
  2062 | D:3      | Found a blossoming altar of Fedhas.
  2077 | D:3      | Reached XP level 5. HP: 33/45 MP: 6/6
  2312 | D:3      | Reached skill level 5 in Maces & Flails
  3008 | D:3      | Found a runed translucent door.
  3009 | D:3      | Noticed Crazy Yiuf
  3165 | D:3      | Killed Crazy Yiuf
  3168 | D:3      | HP: 1/45 [poisoned by Crazy Yiuf]
  3169 | D:3      | Succumbed to Crazy Yiuf's poison

Illustrated notes

Levels and vault maps discovered:
D:1:      scummos_arrival_forest, layout_loops_ring
D:2:      layout_rooms, serial_forest, infiniplex_forest_lined_corner,
          infiniplex_forest_straight_5, infiniplex_forest_clump_long,
          infiniplex_forest_lined_3, infiniplex_forest_lined_room_2,
          infiniplex_forest_clump_long, minmay_misc_feat_columns
D:3:      layout_basic, fedhas_altar_2, uniq_crazy_yiuf_cottage

Skill      XL: |  1  2  3  4  5 |
---------------+----------------+-----
Invocations    | 2 3 4 |  4.4
Maces & Flails | 3 4 5 |  5.4
Fighting       | |  3.6
Armour         | |  2.4
Dodging        | |  1.1

Action                   |  1- 3 |  4- 6 || total
-------------------------+-------+-------++-------
Melee: Mace              |   119 |    85 ||   204
       Headbutt          |    14 |     9 ||    23
Invok: Depart the Abyss  |     1 |       ||     1
  Use: Scroll            |     4 |     4 ||     8
       Potion            |     3 |     2 ||     5
  Eat: Chunk             |     3 |     4 ||     7
Armor: Leather armour    |    25 |       ||    25
       Scale mail        |     4 |    27 ||    31
Dodge: Dodged            |    59 |    27 ||    86
Block: Other             |    22 |    20 ||    42
       Reflection        |     3 |       ||     3
